 Dungeon Crawl Stone Soup version 0.25-a0-353-ged6d54792d (webtiles) character file.

Game seed: 649305876046935609, levelgen mode: deterministic

278026 MisterFreud the Eviscerator (level 19, -13/101 HPs)
             Began as a Felid Berserker on Dec 24, 2019.
             Was the Champion of Trog.
             Mangled by a hell knight
             ... wielding a +1 glaive of chopping
              (20 damage)
             ... while paralysed by a floating eye
             ... on level 2 of the Depths on Jan 1, 2020.
             The game lasted 02:59:23 (69419 turns).

MisterFreud the Eviscerator (Felid Berserker)      Turns: 69419, Time: 02:59:24

Health: -13/101    AC:  3    Str: 13    XL:     19   Next: 62%
Magic:  0/36       EV:  4    Int: 16    God:    Trog [******]
Gold:   4687       SH:  0    Dex: 28    Spells: 18/18 levels left
                                        Lives:  0   Deaths: 4

rFire    . . .     SeeInvis +     - Unarmed
rCold    + . .     Gourm    .   (shield unavailable)
rNeg     . . .     Faith    .   (armour unavailable)
rPois    .         Spirit   +   (helmet unavailable)
rElec    .         Reflect  .   (cloak unavailable)
rCorr    .         Harm     .   (gloves unavailable)
MR       ++++.                  (boots unavailable)
Stlth    ++++++....             p - amulet of guardian spirit
HPRegen  0.26/turn              H - ring of Pomuq {*Slow MR++ Int+4 Dex+5}
MPRegen  0.25/turn              V - ring of magical power

@: paralysed, berserk cooldown, slowed, studying Evocations, quick
A: very small, no armour, no weapons or thrown items, stealth, claws 1, fangs 3,
see invisible, carnivore, clever 1, speed 1, screaming 1, shaggy fur 3, slow
metabolism 1, sharp paws
}: 2/15 runes: barnacled, gossamer
a: Berserk, Trog's Hand, Brothers in Arms, Renounce Religion


You were on level 2 of the Depths.
You worshipped Trog.
Trog was exalted by your worship.
You were not hungry.

You visited 8 branches of the dungeon, and saw 40 of its levels.
You also visited: Ossuary, Bailey, Gauntlet and Ice Cave.

You collected 4711 gold pieces.
You spent 24 gold pieces at shops.

Inventory:

Jewellery
 k - an uncursed ring of poison resistance
 o - an uncursed ring of positive energy
 p - an amulet of guardian spirit (around neck)
 y - an uncursed ring of positive energy
 F - the ring of Fimm {Ice rElec}
   (You found it on level 3 of the Elven Halls)

   [ring of ice]

   It enhances your ice magic.
   It makes you vulnerable to fire.
   It protects you from cold.
   It insulates you from electricity.
 H - the ring of Pomuq (left paw) {*Slow MR++ Int+4 Dex+5}
   (You found it on level 11 of the Dungeon)

   [ring of intelligence]

   It affects your intelligence (+4).
   It affects your dexterity (+5).
   It affects your resistance to hostile enchantments.
   It may slow you when you take damage.
 P - the ring "Emnom" {+Fly rC+ Slay+2 Stlth+}
   (You found it in an ice cave)

   [ring of stealth]

   It affects your accuracy and damage with ranged weapons and melee attacks
   (+2).
   It protects you from cold.
   It lets you fly.
   It makes you more stealthy.
 U - the ring "Kuchoh Idudd" {rF- Str+5 Int+6 Dex+6}
   (You found it on level 3 of the Elven Halls)

   [ring of strength]

   It affects your strength (+5).
   It affects your intelligence (+6).
   It affects your dexterity (+6).
   It makes you vulnerable to fire.
 V - a ring of magical power (right paw)
 X - an uncursed ring of protection from cold
 Z - a +4 ring of evasion
Wands
 c - a wand of flame (66)
 d - a wand of digging (19)
 m - a wand of random effects (34)
 q - a wand of clouds (5)
 t - a wand of paralysis (27)
 L - a wand of scattershot (3)
 M - a wand of iceblast (27)
 N - a wand of acid (10)
 T - a wand of enslavement (7)
 W - a wand of disintegration (31)
Scrolls
 b - 2 scrolls of summoning
 e - 2 scrolls of silence
 g - 9 scrolls of magic mapping
 h - 7 scrolls of fog
 i - 5 scrolls of fear
 j - 27 scrolls of remove curse
 l - 11 scrolls of teleportation
 w - 7 scrolls of identify
Potions
 n - 11 potions of magic
 r - 7 potions of flight
 s - 5 potions of brilliance
 u - 5 potions of invisibility
 x - 12 potions of curing
 z - 5 potions of mutation
 A - 4 potions of might
 C - 5 potions of ambrosia
 D - 6 potions of agility
 E - 6 potions of lignification
 I - a potion of resistance
 J - 7 potions of cancellation
 K - 5 potions of berserk rage
 Y - a potion of haste
Books
 R - a manual of Evocations
Miscellaneous
 B - a fan of gales
 G - 4 phantom mirrors
 Q - a fan of gales
 S - a lightning rod (4/4)
Comestibles
 a - 86 rations


   Skills:
 + Level 20.2 Fighting
 + Level 24.9 Dodging
 - Level 10.0 Stealth
 * Level 26.4 Unarmed Combat
 - Level 10.0 Evocations


You had 18 spell levels left.
You didn't know any spells.
Your spell library was empty.

Dungeon Overview and Level Annotations

Branches:
Dungeon (15/15)            Temple (0/1) D:7            Lair (6/6) D:9
 Shoals (4/4) Lair:2       Spider (4/4) Lair:2        Slime (0/5) Lair:5
    Orc (2/2) D:12            Elf (3/3) Orc:2        Vaults (4/5) D:13
  Crypt (0/3) Vaults:3     Depths (2/5) D:15        Ossuary (visited)
 Bailey (visited)           IceCv (visited)         Gauntlet (visited)

Altars:
Ashenzari
Hepliaklqana
Nemelex Xobeh
Ru
Sif Muna
Trog
Wu Jian
Yredelemnul
The Shining One
Jiyva

Shops:
D:4 =   D:12 [(   D:15 [[   Orc:1 (   Orc:2 %(*%   Elf:1 (   Shoals:4 [

Portals:
Hell: Depths:1 Depths:2
Trove: Vaults:1 (give 19 potions of curing)

Annotations:
D:3 2 transporters, Goblin1989's ghost, amateur OpFE
D:14 1 runed translucent door, Calas's ghost, journeyman MiGl
Lair:5 1 runed translucent door
Shoals:2 2 transporters
Shoals:3 2 transporters, Ofuus's ghost, adept DsFi
Depths:2 3 runed translucent doors, Roupnibe's ghost, veteran TeFE


Innate Abilities, Weirdness & Mutations

You cannot wear armour.
You are incapable of wielding weapons or throwing items.
Your paws allow you to move quietly. (Stealth)
You have sharp claws.
You have razor-sharp teeth.
You have supernaturally acute eyesight. (SInv)
You are carnivorous and can eat meat at any time.
You cover ground quickly.
Your thick and shaggy fur keeps you warm. (AC +3, rC+)
You have a slow metabolism.
Your sharp claws are effective at attacking unaware monsters.
Your mind is acute. (Int +2)
You occasionally shout uncontrollably at your foes.


Message History

You bite the very large slime creature!
The very large slime creature is almost dead.
The frost giant's soul is no longer bound.
The floating eye gazes piercingly through you!
You suddenly lose the ability to move!
The slime creature hits you but does no damage.
The very large slime creature hits you!!
* * * LOW HITPOINT WARNING * * *
You are no longer berserk.
You feel yourself slow down.
The spark wasp simulacrum barely misses you.
The two-headed ogre hits you with a +0 giant spiked club.
* * * LOW HITPOINT WARNING * * *
The two-headed ogre hits you with a cursed -1 giant club!
* * * LOW HITPOINT WARNING * * *
A spriggan rider comes into view.
It is wielding a +1 flail of draining and wearing the +1 leather armour "Cutsistre" {rF+ rCorr Str-2}.
The hell knight gestures wildly while chanting.
The hell knight seems to speed up.
The hell knight hits you from afar with a +1 glaive of chopping!!
You die...

###........#**
##.........### * #
#....##......# *******
#.
#....(.......#**,*,*,,
#.##.#.........#,,,,,**,
#..((.........#*,,,,,,,
#......#.......,,,,,,,,
##....Z[c..............
###()@#...............
##OJJC...(..........
#ppOp..............
##ppic...........c..
#.......)...........
#####p...........(...(..
#....(.....†....(.......
#......<..(...i.(..(....
#......T.......(..../...


You could see a frost giant, a spriggan defender, 6 hell knights, a very large
slime creature, a slime creature, a spriggan rider, a two-headed ogre, 2
yaktaurs, an ogre and a spark wasp simulacrum.

Vanquished Creatures
  Bai Suzhen (Shoals:4)
  A golden dragon (Depths:2)
  Jory (Vaults:3)
  Nikola (Shoals:2)
  Arachne (Spider:2)
  Jorgrun (D:12)
  2 liches
  An Ice Fiend (IceCv)
  A tentacled monstrosity (Vaults:2)
  2 deep elf master archers (Elf:3)
  4 deep elf blademasters (Elf:3)
  A kraken (Shoals:4)
  2 sphinxes
  Polyphemus (Shoals:3)
  Agnes (Spider:4)
  Kirke (Spider:1)
  2 fire giants (Vaults:4)
  4 deep elf sorcerers (Elf:3)
  A frost giant (Shoals:4)
  3 ghost moths
  4 emperor scorpions
  10 vault wardens
  An orc warlord (Orc:1)
  Aizul (Spider:1)
  A ghoul (Vaults:3)
  11 ironheart preservers
  7 deep elf elementalists (Elf:3)
  3 very ugly things (Depths:1)
  A caustic shrike skeleton (D:15)
  6 stone giants
  6 entropy weavers
  2 deep elf demonologists
  A vampire knight (Depths:2)
  4 deep elf annihilators
  A dire elephant (Lair:6)
  5 spark wasps
  5 merfolk javelineers (Shoals:4)
  6 ettins
  8 deep elf death magi (Elf:3)
  An eidolon (Vaults:3)
  3 fire dragons
  5 great orbs of eyes
  15 yaktaur captains
  A hydra (shapeshifter) (Depths:1)
  7 merfolk impalers
  5 deep elf high priests
  Erolcha (D:12)
  16 ogre magi
  3 rakshasas
  Fannar (D:11)
  2 ice dragons
  13 vault guards
  5 merfolk avatars
  7 hydras
  6 merfolk aquamancers
  6 centaur warriors
  50 two-headed ogres
  A catoblepas (Shoals:3)
  A queen ant (Lair:2)
  3 satyrs (Shoals:4)
  26 dancing weapons
  2 death knights (Vaults:4)
  A vampire mage (Depths:2)
  7 deep troll shamans
  6 death yaks
  8 death scarabs (Spider:4)
  4 deep troll earth magi
  4 tengu warriors
  A spriggan berserker (Depths:2)
  5 orc high priests (Orc:2)
  11 deep elf knights
  A hell knight (Depths:2)
  2 skeletal warriors (D:15)
  A spectral emperor scorpion (Spider:4)
  A shadow wraith (Vaults:2)
  23 deep trolls
  11 sea snakes
  3 wizards
  2 phantasmal warriors
  8 deep elf archers
  2 unseen horrors
  2 glowing orange brains
  A flayed ghost (D:15)
  5 spectral wolf spiders (Spider:4)
  Pikel (D:7)
  2 necromancers
  A stone giant zombie (D:15)
  44 deep elf magi
  11 ironbrand convokers
  A wolf spider zombie (Spider:4)
  5 harpies
  An orb spider (shapeshifter) (Vaults:2)
  9 cyclopes
  15 orb spiders
  An oklob plant (Lair:2)
  14 manticores
  A tengu skeleton (D:15)
  16 orc knights
  23 wolf spiders
  2 fauns
  2 orc sorcerers
  2 shining eyes (Depths:1)
  29 ugly things
  5 merfolk sirens
  A moth of wrath (Spider:4)
  10 elephants
  7 vault sentinels
  A human skeleton (Vaults:3)
  An eye of devastation (Depths:1)
  3 torpor snails
  A guardian serpent (shapeshifter) (Vaults:3)
  An ice statue (IceCv)
  4 orange demons (D:10)
  5 black mambas
  A spiny frog (shapeshifter) (Elf:1)
  4 water nymphs
  13 spiny frogs
  A redback zombie (Spider:4)
  3 rime drakes (Lair:6)
  5 spectral redbacks (Spider:4)
  12 komodo dragons
  A small abomination (Elf:1)
  A yaktaur (shapeshifter) (D:14)
  14 freezing wraiths
  A spark wasp simulacrum (Depths:2)
  5 efreet
  61 yaktaurs
  4 kobold demonologists
  An elf skeleton (Vaults:3)
  6 ice devils (IceCv)
  14 demonic crawlers
  A tengu conjurer (Depths:2)
  23 merfolk
  40 jumping spiders
  6 polar bears
  15 trolls
  2 jumping spiders (shapeshifter)
  A polar bear (shapeshifter) (Elf:1)
  3 red devils (D:10)
  3 spectral jumping spiders (Spider:4)
  5 wind drakes
  22 slime creatures
  5 blink frogs (Lair:6)
  9 hornets
  8 snapping turtles
  A tarantella zombie (Spider:4)
  3 jumping spider zombies (Spider:4)
  20 dream sheep
  3 spectral tarantellas (Spider:4)
  11 hippogriffs
  A meliai zombie (D:11)
  3 wraiths
  Sigmund (D:5)
  96 redbacks
  A shadow (Vaults:3)
  A spriggan (shapeshifter) (Vaults:2)
  20 water elementals
  2 hogs (Spider:1)
  33 yaks
  An ettin skeleton (D:15)
  2 wyverns (Lair:6)
  A dire elephant simulacrum (IceCv)
  A human (shapeshifter) (D:14)
  An elf zombie (Vaults:3)
  28 tarantellas
  A basilisk (Lair:5)
  2 fire elementals
  A basilisk (shapeshifter) (Vaults:4)
  2 vampires (D:11)
  A yak (shapeshifter) (Depths:1)
  3 golden eyes (Depths:1)
  2 hungry ghosts
  2 death yak simulacra (IceCv)
  2 iron troll simulacra (IceCv)
  An acid dragon (D:13)
  5 soldier ants (Lair:2)
  3 wargs
  8 harpy simulacra (IceCv)
  5 porcupines
  10 water moccasins
  5 hydra simulacra (IceCv)
  4 slaves (D:7)
  46 orc warriors
  5 phantoms
  3 spectral hornets (Spider:4)
  An eye of draining (D:10)
  2 sky beasts
  2 black bears
  9 ice beasts
  A necrophage (D:15)
  3 ettin simulacra (IceCv)
  2 hornet zombies
  13 wolves
  38 ogres
  17 centaurs
  10 crocodiles
  4 big kobolds
  21 bullfrogs
  A wyvern zombie (D:11)
  5 earth elementals
  A water moccasin zombie (D:9)
  A wyvern skeleton (D:11)
  4 scorpions
  3 wights (Ossuary)
  6 killer bees (D:8)
  A howler monkey (D:10)
  7 electric eels
  5 crimson imps
  3 centaur zombies
  A bullfrog zombie (D:6)
  3 bullfrog skeletons
  2 draconian simulacra (IceCv)
  5 hounds
  2 jellies (D:8)
  18 orc wizards
  A quasit (D:8)
  7 centaur skeletons
  6 iguanas
  29 orc priests
  32 worker ants
  4 spriggan simulacra (IceCv)
  A killer bee zombie (D:6)
  A polar bear simulacrum (IceCv)
  2 troll simulacra (IceCv)
  A centaur simulacrum (IceCv)
  3 hound skeletons
  2 hound zombies
  A worker ant zombie (D:9)
  13 gnolls (Bailey)
  2 ogre simulacra (IceCv)
  20 adders
  4 naga simulacra (IceCv)
  2 shadow imps
  6 white imps (IceCv)
  5 ufetubi (IceCv)
  An ooze (D:3)
  An adder zombie (Ossuary)
  6 worms
  An adder skeleton (D:4)
  4 dart slugs
  6 leopard geckos
  95 orcs
  12 bats
  9 giant cockroaches
  9 goblins
  14 hobgoblins
  16 jackals
  41 kobolds
  4 quokkas
  A ball python (D:1)
  A ball python skeleton (Ossuary)
  A frilled lizard (D:3)
  A hobgoblin skeleton (Ossuary)
  A hobgoblin zombie (Ossuary)
  A jackal skeleton (D:4)
  A kobold zombie (Ossuary)
  2 orc skeletons (Ossuary)
  An orc zombie (Ossuary)
  6 rats
  5 tentacles (Shoals:4)
1827 creatures vanquished.

Vanquished Creatures (collateral kills)
  A vault warden (Vaults:2)
  A deep elf demonologist (Elf:3)
  A great orb of eyes (Depths:2)
  A rakshasa (Depths:2)
  A two-headed ogre (Vaults:4)
  A deep troll earth mage (Depths:2)
  A necromancer (Depths:2)
  A cyclops (Vaults:2)
  6 ugly things
  2 yaktaurs
16 creatures vanquished.

Vanquished Creatures (others)
  An ogre mage (Depths:1)
  A merfolk impaler (Shoals:2)
  An ice dragon (Depths:1)
  4 two-headed ogres
  A kobold demonologist (D:11)
  3 yaktaurs (Depths:1)
  A redback (Spider:3)
  4 humans (Spider:1)
  An ogre (Depths:2)
  An orc (Orc:2)
  23 fungi (Lair:6)
  36 plants
  7 tentacles (Shoals:4)
84 creatures vanquished.

Grand Total: 1927 creatures vanquished

Notes
Turn   | Place    | Note
-------+----------+-------------------------------------------
     0 | D:1      | MisterFreud the Felid Berserker began the quest for the
                  | Orb.
     0 | D:1      | Reached XP level 1. HP: 10/10 MP: 2/2
   116 | D:1      | Reached XP level 2. HP: 3/14 MP: 3/3
   916 | D:1      | Reached XP level 3. HP: 16/18 MP: 4/4
  1438 | D:1      | Reached ** piety under Trog
  1960 | D:2      | Reached XP level 4. HP: 16/22 MP: 5/5
  2071 | D:2      | Reached skill level 5 in Fighting
  2226 | D:2      | Reached skill level 1 in Stealth
  2406 | D:2      | Found a bloodstained altar of Trog.
  2675 | D:3      | Found a transporter.
  2704 | D:3      | Noticed Goblin1989's ghost (amateur OpFE)
  2764 | D:3      | Found a transporter.
  2921 | D:3      | Reached *** piety under Trog
  3107 | D:4      | Noticed a phantom
  3136 | D:4      | Found a sand-covered staircase.
  3143 | Ossuary  | Entered an ossuary
  3202 | Ossuary  | Reached skill level 5 in Dodging
  3202 | Ossuary  | Reached XP level 5. HP: 24/26 MP: 6/6
  3381 | Ossuary  | Noticed a wraith
  3381 | Ossuary  | Noticed a flying skull
  3399 | Ossuary  | Noticed a wraith
  3409 | Ossuary  | Killed a wraith
  3409 | Ossuary  | Gained mutation: You are covered in thick fur. (AC +2)
                  | [Felid growth]
  3409 | Ossuary  | Reached XP level 6. HP: 10/30 MP: 7/7
  3629 | Ossuary  | Noticed a flying skull
  3635 | Ossuary  | Noticed a flying skull
  3641 | Ossuary  | Noticed a wraith
  3650 | Ossuary  | Killed a wraith
  3795 | Ossuary  | Noticed a flying skull
  3820 | Ossuary  | Reached XP level 7. HP: 33/33 MP: 8/8
  3824 | Ossuary  | Noticed a flying skull
  3973 | D:4      | Found Useczas's Jewellery Emporium.
  4365 | D:4      | Reached skill level 10 in Dodging
  4704 | D:5      | Entered Level 5 of the Dungeon
  4901 | D:6      | Reached **** piety under Trog
  5203 | D:6      | Reached skill level 4 in Unarmed Combat
  5203 | D:6      | Reached XP level 8. HP: 38/38 MP: 9/9
  5329 | D:6      | Reached skill level 5 in Unarmed Combat
  5475 | D:6      | Reached skill level 6 in Unarmed Combat
  5537 | D:5      | Noticed Sigmund
  5714 | D:5      | Killed Sigmund
  5762 | D:5      | Found a bloodstained altar of Trog.
  6125 | D:5      | Reached XP level 9. HP: 36/42 MP: 10/10
  6961 | D:7      | Reached skill level 7 in Unarmed Combat
  6963 | D:7      | Found a basalt altar of Yredelemnul.
  6963 | D:7      | Noticed Pikel
  7027 | D:7      | Killed Pikel
  7137 | D:7      | Found a staircase to the Ecumenical Temple.
  7148 | D:7      | Found a hazy altar of Hepliaklqana.
  7584 | D:7      | Found a flagged portal.
  7592 | Bailey   | Entered a bailey
  7610 | Bailey   | Reached ***** piety under Trog
  7783 | Bailey   | Noticed an orc knight
  7881 | Bailey   | Killed an orc knight
  7881 | Bailey   | Reached skill level 8 in Unarmed Combat
  8521 | D:8      | Reached skill level 9 in Unarmed Combat
  8521 | D:8      | Reached XP level 10. HP: 49/49 MP: 10/14
  8535 | D:8      | Found a shattered altar of Ashenzari.
  8602 | D:8      | Reached XP level 11. HP: 37/53 MP: 15/15
  8683 | D:8      | Found a sparkling altar of Nemelex Xobeh.
  9168 | D:9      | Found a shattered altar of Ashenzari.
  9168 | D:9      | Noticed a two-headed ogre
  9168 | D:9      | Noticed a two-headed ogre
  9252 | D:9      | Reached skill level 5 in Evocations
  9556 | D:9      | Found a staircase to the Lair.
  9585 | D:9      | Killed a two-headed ogre
  9591 | D:9      | Killed a two-headed ogre
  9591 | D:9      | Reached skill level 10 in Fighting
  9825 | D:9      | Reached skill level 10 in Unarmed Combat
 10143 | D:9      | Reached skill level 15 in Dodging
 10224 | D:9      | Found an ornate altar of the Wu Jian Council.
 10296 | D:9      | Found a glowing golden altar of the Shining One.
 10297 | D:9      | Found a shimmering blue altar of Sif Muna.
 11200 | D:10     | Entered Level 10 of the Dungeon
 11561 | D:10     | Reached skill level 5 in Stealth
 12227 | D:10     | Gained mutation: Your thick and shaggy fur keeps you warm.
                  | (AC +3, rC+) [Felid growth]
 12227 | D:10     | Reached XP level 12. HP: 59/59 MP: 16/16
 13490 | Lair:1   | Entered Level 1 of the Lair of Beasts
 13516 | D:9      | Reached skill level 11 in Unarmed Combat
 13987 | Lair:1   | Got a translucent copper ring
 13994 | Lair:1   | Identified the ring "Ificzig" {rPois Int-4 Dex+2 Stlth-}
                  | (You found it on level 1 of the Lair of Beasts)
 14605 | Lair:2   | Noticed a seven-headed hydra
 14616 | Lair:2   | Killed a seven-headed hydra
 14641 | Lair:2   | Found a gate leading to a gauntlet.
 14741 | Gauntlet | Entered a Gauntlet
 14741 | Gauntlet | Found a transporter.
 14741 | Gauntlet | Found a transporter.
 14749 | Gauntlet | Found a transporter.
 14753 | Gauntlet | Found a transporter.
 14764 | Gauntlet | Found a transporter.
 14765 | Gauntlet | Found a transporter.
 14773 | Gauntlet | Found a transporter.
 14783 | Gauntlet | Noticed a catoblepas
 14790 | Gauntlet | Found a transporter.
 14806 | Gauntlet | Found a transporter.
 14809 | Gauntlet | Found a transporter.
 14817 | Gauntlet | Found a transporter.
 14821 | Gauntlet | Found a transporter.
 14856 | Lair:2   | Found a staircase to the Shoals.
 15186 | Lair:2   | Found a hole to the Spider Nest.
 15307 | Lair:2   | Reached ****** piety under Trog
 15368 | Lair:2   | Noticed a queen ant
 16130 | Lair:2   | Killed a queen ant
 16543 | Lair:2   | Upgraded the game from 0.25-a0-316-gd28d56f9c5 to
                  | 0.25-a0-322-g3677130cb1
 16603 | Lair:3   | Noticed a seven-headed hydra
 16614 | Lair:3   | Killed a seven-headed hydra
 16931 | Lair:3   | Noticed a five-headed hydra
 16958 | Lair:3   | Killed a five-headed hydra
 16958 | Lair:3   | Reached XP level 13. HP: 64/64 MP: 12/17
 17816 | Lair:4   | Reached skill level 12 in Unarmed Combat
 18465 | Lair:5   | Found a runed translucent door.
 18465 | Lair:5   | Found a viscous altar of Jiyva.
 18473 | Lair:5   | Found a staircase to the Slime Pits.
 18473 | Lair:5   | Noticed an acid blob
 19412 | Lair:6   | Entered Level 6 of the Lair of Beasts
 20101 | Lair:6   | Noticed a dire elephant
 20127 | Lair:6   | Killed a dire elephant
 20168 | Lair:6   | Reached skill level 10 in Stealth
 20294 | Lair:6   | Found a sacrificial altar of Ru.
 20311 | Lair:6   | Identified a scroll of acquirement
 20715 | Lair:5   | Reached skill level 13 in Unarmed Combat
 21329 | Lair:6   | Reached XP level 14. HP: 69/69 MP: 16/18
 22217 | Lair:6   | Reached skill level 14 in Unarmed Combat
 22794 | D:11     | Noticed Fannar
 22801 | D:11     | Killed Fannar
 22940 | D:11     | Identified the cursed +0 rapier of the Gnat {drain, +Fly
                  | rElec rF+}
 23037 | D:11     | Got a pitted ivory ring
 23052 | D:11     | Identified the ring of Pomuq {*Slow MR++ Int+4 Dex+5} (You
                  | found it on level 11 of the Dungeon)
 23885 | D:12     | Noticed Erolcha
 23896 | D:12     | Killed Erolcha
 24113 | D:12     | Found Naepotaf's Armour Shoppe.
 24116 | D:12     | Found a staircase to the Orcish Mines.
 24116 | D:12     | Found Saginovi's Weapon Shoppe.
 24283 | D:12     | Noticed Jorgrun
 24294 | D:12     | Killed Jorgrun
 24294 | D:12     | Reached skill level 15 in Unarmed Combat
 24834 | D:13     | Found a gate to the Vaults.
 24834 | D:13     | Noticed an ironheart preserver
 24867 | D:13     | Killed an ironheart preserver
 25833 | D:14     | Reached XP level 15. HP: 75/75 MP: 12/20
 25837 | D:14     | HP: 4/112 [efreet/fireball (13)]
 25848 | D:15     | Entered Level 15 of the Dungeon
 26709 | D:14     | Found a runed translucent door.
 26709 | D:14     | Noticed Calas's ghost (journeyman MiGl)
 27053 | D:15     | Found a staircase to the Depths.
 27561 | D:15     | Reached skill level 16 in Unarmed Combat
 27831 | D:15     | Found Bauvinn's Antique Armour Boutique.
 27902 | D:15     | Found Qewo's Armour Shop.
 28311 | Orc:1    | Entered Level 1 of the Orcish Mines
 28592 | D:12     | Hit by a large rock thrown by a stone giant
 28593 | D:12     | Reached XP level 14. HP: -1/72 MP: 0/20
 28662 | D:12     | Killed a stone giant
 28883 | Orc:1    | Noticed an orc warlord
 28970 | Orc:1    | Killed an orc warlord
 29337 | Orc:1    | Found Zabanku's Weapon Boutique.
 29472 | Orc:2    | Entered Level 2 of the Orcish Mines
 29472 | Orc:2    | Found a staircase to the Elven Halls.
 31371 | Orc:2    | Reached skill level 15 in Fighting
 31389 | Orc:2    | Reached skill level 17 in Unarmed Combat
 31392 | Orc:2    | Reached XP level 15. HP: 56/77 MP: 14/22
 31668 | Orc:2    | Found Kuxiutep's Food Shoppe.
 31671 | Orc:2    | Found Fiefitisi's General Store.
 31672 | Orc:2    | Found Doysidgh's Food Shoppe.
 31673 | Orc:2    | Found Muehaol's Antique Weapon Emporium.
 31677 | Orc:2    | Bought a scroll of identify for 24 gold pieces
 31931 | Spider:1 | Entered Level 1 of the Spider Nest
 32878 | Spider:1 | Noticed Kirke
 32939 | Spider:1 | Killed Kirke
 33309 | Spider:1 | Noticed a ghost moth
 33341 | Spider:1 | Killed a ghost moth
 33673 | Spider:1 | Noticed a ghost moth
 33701 | Spider:1 | Killed a ghost moth
 33848 | Spider:1 | Noticed Aizul
 33856 | Spider:1 | Killed Aizul
 34346 | Spider:1 | Reached skill level 10 in Evocations
 34685 | Spider:2 | Reached skill level 18 in Unarmed Combat
 34798 | Spider:2 | Upgraded the game from 0.25-a0-322-g3677130cb1 to
                  | 0.25-a0-353-ged6d54792d
 34856 | Spider:2 | Noticed Arachne
 34857 | Spider:2 | Killed Arachne
 36544 | Spider:2 | Reached skill level 19 in Unarmed Combat
 37405 | Spider:3 | Reached XP level 16. HP: 82/82 MP: 24/24
 38226 | Spider:3 | Reached skill level 20 in Unarmed Combat
 38460 | Spider:4 | Entered Level 4 of the Spider Nest
 39455 | Spider:4 | Noticed Agnes
 39471 | Spider:4 | Killed Agnes
 39785 | Spider:4 | Reached skill level 21 in Unarmed Combat
 42319 | Spider:4 | Got a gossamer rune of Zot
 42528 | Shoals:1 | Entered Level 1 of the Shoals
 42544 | Shoals:1 | Found a frozen archway.
 42555 | IceCv    | Entered an ice cave
 43391 | IceCv    | Reached XP level 17. HP: 87/87 MP: 25/25
 43733 | IceCv    | Noticed an Ice Fiend
 43748 | IceCv    | Killed an Ice Fiend
 43942 | IceCv    | Got a smoking iron ring
 43943 | IceCv    | Identified the ring "Emnom" {+Fly rC+ Slay+2 Stlth+} (You
                  | found it in an ice cave)
 44885 | Shoals:2 | Noticed Nikola
 44923 | Shoals:2 | Killed Nikola
 45382 | Shoals:2 | Found a transporter.
 45768 | Shoals:2 | Found a transporter.
 46243 | Shoals:3 | Noticed Polyphemus
 46379 | Shoals:3 | Killed Polyphemus
 46462 | Shoals:3 | Reached skill level 22 in Unarmed Combat
 46589 | Shoals:3 | Found a bloodstained altar of Trog.
 46589 | Shoals:3 | Noticed Ofuus's ghost (adept DsFi)
 46595 | Shoals:3 | Found a transporter.
 46597 | Shoals:3 | Identified the +7 trident "Tesafet" {pierce, Str+3}
 46655 | Shoals:3 | Found a transporter.
 47569 | Shoals:3 | Identified the +7 trident of Vuzxike {holy, Int+3}
 47718 | Shoals:4 | Entered Level 4 of the Shoals
 47718 | Shoals:4 | Found Foisinn's Armour Shoppe.
 48174 | Shoals:4 | Noticed Bai Suzhen
 48188 | Shoals:4 | Killed Bai Suzhen
 49684 | Shoals:4 | Identified the cursed +1 mace of Irritation {crush, Stlth+}
 50141 | Shoals:4 | Reached XP level 18. HP: 83/93 MP: 23/26
 50835 | Shoals:4 | Killed from afar by a wind drake
 50836 | Shoals:4 | Reached XP level 17. HP: -7/88 MP: 0/25
 51273 | Shoals:4 | Got a barnacled rune of Zot
 51522 | Vaults:1 | Entered Level 1 of the Vaults
 51664 | Vaults:1 | Found a portal to a secret trove of treasure.
 52951 | Vaults:1 | Reached skill level 23 in Unarmed Combat
 54013 | Vaults:2 | Noticed a tentacled monstrosity
 54020 | Vaults:2 | Killed a tentacled monstrosity
 54558 | Vaults:2 | Reached XP level 18. HP: 93/93 MP: 26/26
 55864 | Vaults:3 | Found a staircase to the Crypt.
 55912 | Vaults:3 | Noticed Jory
 55942 | Vaults:3 | HP: 5/141 [Jory/+0 great sword of protection (21)]
 55942 | Vaults:3 | HP: 2/141 [Jory/+0 great sword of protection (3)]
 55945 | Vaults:3 | Killed Jory
 57058 | Vaults:3 | Reached skill level 24 in Unarmed Combat
 57917 | Vaults:3 | Reached XP level 19. HP: 54/98 MP: 20/27
 58848 | Vaults:4 | HP: 7/148 [fire giant/+1 great sword of flaming[a glowing
                  | orange brain] (7)]
 60805 | Elf:1    | Entered Level 1 of the Elven Halls
 61144 | Elf:1    | Found Myehin's Antique Weapon Shoppe.
 61162 | Elf:1    | Reached skill level 25 in Unarmed Combat
 61902 | Elf:2    | Reached XP level 20. HP: 102/104 MP: 28/28
 62210 | Elf:2    | Found a runed translucent gate.
 62210 | Elf:2    | Found a runed translucent gate.
 62210 | Elf:2    | Found a runed translucent gate.
 62745 | Elf:2    | HP: 5/156 [+2 bardiche of flaming (11)]
 63589 | Elf:3    | Entered Level 3 of the Elven Halls
 64777 | Elf:3    | Slain by a deep elf blademaster
 64778 | Elf:3    | Reached XP level 19. HP: -1/100 MP: 0/36
 65424 | Elf:3    | Identified the cursed ring "Jyhyckos" {Int-3 SInv}
 65770 | Elf:3    | Identified the cursed +3 hand axe of the Warrior {vamp,
                  | *Drain rPois rF+}
 65776 | Elf:3    | HP: 5/100 [something] (11)]
 65847 | Elf:3    | Identified the +1 troll leather armour of Tamoi {rElec
                  | Regen+ Slay+3}
 66026 | Elf:3    | Identified the cursed +1 scale mail "Jecoschol" {MR+ Str+3}
 66344 | Elf:3    | Found the +2 hat of the Bear Spirit {Spirit, +Rage rN+
                  | MR++}
 66344 | Elf:3    | Found the +0 staff of Battle
 66363 | Elf:3    | Identified Sif Muna's Volume of the Snowflakes
 66378 | Elf:3    | Got a scintillating lead ring
 66379 | Elf:3    | Identified the ring of Fimm {Ice rElec} (You found it on
                  | level 3 of the Elven Halls)
 66382 | Elf:3    | Got a glittering turquoise ring
 66383 | Elf:3    | Identified the ring "Kuchoh Idudd" {rF- Str+5 Int+6 Dex+6}
                  | (You found it on level 3 of the Elven Halls)
 66704 | Depths:1 | Entered Level 1 of the Depths
 66859 | Depths:1 | Gained mutation: You occasionally shout uncontrollably at
                  | your foes. [a shining eye]
 66861 | Depths:1 | Gained mutation: Your mind is acute. (Int +2) [a shining
                  | eye]
 67120 | Depths:1 | Reached XP level 20. HP: 105/105 MP: 28/28
 67423 | Depths:1 | You fall into a shaft and drop 1 floor!
 67443 | Depths:2 | Found a gateway to Hell.
 67472 | Depths:1 | Reached skill level 26 in Unarmed Combat
 69282 | Depths:2 | Found a runed translucent gate.
 69282 | Depths:2 | Found a runed translucent gate.
 69282 | Depths:2 | Found a runed translucent gate.
 69284 | Depths:2 | Noticed Roupnibe's ghost (veteran TeFE)
 69288 | Depths:2 | Noticed a golden dragon
 69327 | Depths:2 | Killed a golden dragon
 69344 | Depths:2 | HP: 4/105 [vampire knight/+0 long sword (27)]
 69344 | Depths:2 | HP: 1/105 [vampire knight/+0 long sword (3)]
 69345 | Depths:2 | Slain by a vampire knight
 69346 | Depths:2 | Reached XP level 19. HP: 0/101 MP: 0/36
 69361 | Depths:2 | Killed a lich
 69418 | Depths:2 | Paralysed by a floating eye for 2 turns
 69419 | Depths:2 | Identified the +1 leather armour "Cutsistre" {rF+ rCorr
                  | Str-2}
 69419 | Depths:2 | Mangled by a hell knight

Levels and vault maps discovered:
D:1:      tarquinn_simple_flora_water_d, layout_basic
D:2:      layout_loops_cross, nicolae_overflow_hidden_temple
D:3:      layout_loops_cross, gammafunk_ghost_gnarly_gnolls,
          minmay_quadrilaterals
D:4:      layout_loops_ring, serial_shops, shop_fountains, enter_ossuary_3
D:5:      layout_rooms, basic_altar, first_ration, uniq_sigmund
D:6:      layout_basic
D:7:      layout_basic, overflow_temple_1_default, old_standard_altar,
          temple_fountains, enter_bailey_3, uniq_pikel
D:8:      layout_rooms, nicolae_overflow_crystal_walls, basic_altar
D:9:      kennysheep_blocky_room, layout_cave_pods, kennysheep_mini,
          grunt_temple_overflow_open, erik_lair_island, basic_altar
D:10:     layout_rooms, minmay_beelzebubs_servants
D:11:     minmay_the_grid_triangle_9x9_rhombus_thin
          [minmay_the_grid_triangle_9x9_sparse_checkered,
          minmay_the_grid_triangle_9x9_prize_center,
          minmay_the_grid_triangle_9x9_zippers_vertical,
          minmay_the_grid_triangle_9x9_thin_v], layout_loops_corners,
          uniq_fannar
D:12:     layout_small_grid, orc_david_3, uniq_erolcha, uniq_jorgrun
D:13:     layout_basic, skrybe_vaults_entry_preservation, blue_anna_alchemist
          [blue_anna_fruit_fields, blue_anna_fruit_fields]
D:14:     layout_roguey, hellmonk_ghost_happy_afterlife, hangedman_decor_growths
D:15:     gammafunk_depths_entry_grave, layout_basic, serial_shops, shop,
          shop_fountains
Lair:1:   layout_roguey, wad_woods_river_02, serial_bayou_shore_b,
          lemuel_fruit_fields
Lair:2:   layout_hall_layers, shoals_dummy_entry,
          nicolae_spider_entry_non_spiders, gauntlet_entry_generic,
          zaba_antful_of_joy
Lair:3:   layout_hall_layers
Lair:4:   layout_layer_cave
Lair:5:   layout_cave_shapes, slime_altar_2
Lair:6:   gammafunk_lair_ancient_temple, layout_regular_city, basic_altar
Shoals:1: layout_shoals, portal_ice_cave_entry_pillars_1
Shoals:2: gammafunk_its_a_trap, layout_shoals, nicolae_shoals_square_sea_wall,
          uniq_nikola
Shoals:3: layout_shoals, gammafunk_ghost_wrathful_warriors, uniq_polyphemus
Shoals:4: shoals_end_grunt_ice, layout_shoals, serial_shops, shop,
          uniq_bai_suzhen
Spider:1: layout_chambers, worms_lemuel, uniq_aizul, uniq_kirke
Spider:2: layout_spider_delve, hangedman_spider_tarantella_strand, uniq_arachne
Spider:3: layout_spider_delve
Spider:4: floodkiller_spider_rune_tomb, uniq_agnes
Orc:1:    layout_caves, serial_shops, nicolae_shop_window_shopping
Orc:2:    st_orc_pillars, layout_caves
Elf:1:    minmay_elf_arrival_plus, layout_geoelf_octagon, serial_shops, shop,
          kennysheep_underground_church, grunt_megastairs_5
Elf:2:    layout_geoelf_grid
Elf:3:    minmay_elf_hall_circle, layout_geoelf_castle
Vaults:1: nicolae_vaults_yaktaur_gun_rack, ontoclasm_vaults_spin,
          hangedman_vaults_locks, v_rooms_3, nicolae_vaults_network_square,
          layout_vaults_omnicross, enter_trove_5
Vaults:2: nicolae_vaults_ninety_degrees, ontoclasm_vaults_gateway,
          nicolae_vaults_inception_corners, hangedman_vaults_cutoff,
          ontoclasm_vaults_hangar, vaults_room_hallway, vaults_room_fours,
          vaults_dpeg_hooks, nicolae_vaults_border_crossing,
          hangedman_vaults_slice, layout_vaults_big_room
Vaults:3: minmay_crypt_entry_simple_round, v_pattern_2,
          vaults_standard_mumra_lines, v_misc_28, st_spiral_rooms,
          nicolae_vaults_little_squares_5, v_misc_13, ontoclasm_vaults_fault,
          v_misc_4, v_alt_pattern_6, vaults_dpeg_cross,
          vaults_room_grunt_arrival_checkpoint, vaults_room_pools,
          layout_vaults_maze_snakey, uniq_jory
Vaults:4: vaults_mumra_bighexcomb, ontoclasm_vaults_decontamination, v_misc_28,
          v_misc_27, grunt_vaults_focal, grunt_vaults_twisty, v_alt_pattern_4,
          grunt_vaults_funnel, dpeg_vaults_monster_row, grunt_vaults_trifunnel,
          nicolae_vaults_diagonal_hallway_7, v_misc_19, layout_vaults_omnibox
Depths:1: lemuel_firewalk_3, layout_basic, serial_bayou_lagoon_a,
          pf_coc_iceberg, hangedman_eye_storm
Depths:2: grunt_crosshair, layout_cave_pools, minmay_misc_feat_iff,
          gammafunk_ghost_ooze, hell_entry, infiniplex_staircase_split_hallway

Skill      XL: |  1  2  3  4  5  6  7  8  9 10 11 12 13 14 15 16 17 18 19 20 |
---------------+-------------------------------------------------------------+-----
Fighting       | 4 5 6 9 10 11 12 15 16 17 18 19 20 | 20.2
Stealth        | 3 5 7 10 | 10.0
Dodging        | 5 7 8 10 14 15 16 18 20 22 23 24 | 24.9
Unarmed Combat | 4 6 9 10 11 13 17 19 21 23 24 25 26 | 26.4
Evocations     | 4 5 8 10 | 10.0

Action                   |  1- 3 |  4- 6 |  7- 9 | 10-12 | 13-15 | 16-18 | 19-21 || total
-------------------------+-------+-------+-------+-------+-------+-------+-------++-------
Melee: Unarmed           |   108 |   122 |   477 |   817 |  2001 |  2186 |  1187 ||  6898
       Bite              |    13 |    16 |    55 |   113 |   352 |   383 |   217 ||  1149
       Punch             |       |     3 |    18 |    50 |   222 |   300 |   196 ||   789
Invok: Berserk           |     5 |     3 |     8 |    22 |    40 |    30 |    21 ||   129
       Trog's Hand       |       |       |       |     6 |    14 |    34 |    17 ||    71
       Brothers in Arms  |       |       |       |       |       |     1 |     6 ||     7
Evoke: Wand              |       |       |       |    20 |     6 |    41 |     3 ||    70
  Use: Potion            |     2 |       |     2 |       |     3 |     5 |     7 ||    19
       Scroll            |       |     5 |    13 |     4 |    17 |     5 |    18 ||    62
 Stab: Sleeping          |     6 |    13 |    14 |     6 |    49 |    51 |    22 ||   161
       Distracted        |       |       |     3 |     3 |     8 |    14 |     2 ||    30
  Eat: Chunk             |    12 |     2 |    23 |    39 |    86 |    90 |    51 ||   303
       Ration            |       |       |       |       |       |     2 |       ||     2
Armor: Skin              |     9 |     5 |    12 |    14 |    35 |    50 |    12 ||   137
Dodge: Dodged            |   108 |    78 |   488 |   851 |  2146 |  2045 |  1098 ||  6814

Table legend:
 A = Non-vault XP
 B = Vault XP
 C = Vault XP percentage of total XP
 D = Non-vault monster count
 E = Vault monster count
 F = Vault count percentage of total count
                 A         B        C        D         E       F
            +---------+---------+-------+---------+---------+-------
      Total |  398730 |  360513 |  47.5 |    1142 |     695 |  37.8
            +---------+---------+-------+---------+---------+-------
        D:1 |      55 |       0 |   0.0 |      30 |       0 |   0.0
        D:2 |      63 |       0 |   0.0 |      25 |       0 |   0.0
        D:3 |      50 |      10 |  16.7 |      13 |       6 |  31.6
        D:4 |     320 |       0 |   0.0 |      14 |       0 |   0.0
        D:5 |     574 |     223 |  28.0 |      17 |       1 |   5.6
        D:6 |    1160 |       0 |   0.0 |      34 |       0 |   0.0
        D:7 |     708 |     649 |  47.8 |      20 |       5 |  20.0
        D:8 |    1254 |       0 |   0.0 |      26 |       0 |   0.0
        D:9 |    5588 |    2059 |  26.9 |      44 |      16 |  26.7
       D:10 |    3721 |    2551 |  40.7 |      32 |       7 |  17.9
       D:11 |    3490 |    5498 |  61.2 |      30 |      17 |  36.2
       D:12 |    4281 |    4916 |  53.5 |      15 |       8 |  34.8
       D:13 |    6704 |    3332 |  33.2 |      19 |      10 |  34.5
       D:14 |    7848 |       0 |   0.0 |      37 |       0 |   0.0
       D:15 |    7524 |    5690 |  43.1 |      19 |       8 |  29.6
     Lair:1 |    1742 |     397 |  18.6 |       9 |       1 |  10.0
     Lair:2 |    4683 |    2839 |  37.7 |      20 |      34 |  63.0
     Lair:3 |    4706 |       0 |   0.0 |      18 |       0 |   0.0
     Lair:4 |    4603 |       0 |   0.0 |      10 |       0 |   0.0
     Lair:5 |    7909 |       0 |   0.0 |      20 |       0 |   0.0
     Lair:6 |   10601 |   11703 |  52.5 |      36 |      29 |  44.6
   Shoals:1 |    5232 |       0 |   0.0 |      10 |       0 |   0.0
   Shoals:2 |    9324 |    3006 |  24.4 |      24 |       1 |   4.0
   Shoals:3 |   10712 |    5816 |  35.2 |      23 |       5 |  17.9
   Shoals:4 |   13872 |   30808 |  69.0 |      29 |      38 |  56.7
   Spider:1 |   18306 |    7213 |  28.3 |      48 |      13 |  21.3
   Spider:2 |   15898 |    3812 |  19.3 |      53 |       2 |   3.6
   Spider:3 |   16829 |       0 |   0.0 |      49 |       0 |   0.0
   Spider:4 |    9499 |   35859 |  79.1 |      24 |      72 |  75.0
      Orc:1 |    4584 |       0 |   0.0 |      39 |       0 |   0.0
      Orc:2 |    5384 |   12744 |  70.3 |      20 |      67 |  77.0
      Elf:1 |   14121 |    7738 |  35.4 |      24 |      13 |  35.1
      Elf:2 |    7558 |   23148 |  75.4 |      13 |      30 |  69.8
      Elf:3 |   13888 |   45820 |  76.7 |      22 |      30 |  57.7
   Vaults:1 |   27505 |   18414 |  40.1 |      42 |      30 |  41.7
   Vaults:2 |   28793 |   12618 |  30.5 |      49 |      19 |  27.9
   Vaults:3 |   38632 |   35447 |  47.9 |      74 |      42 |  36.2
   Vaults:4 |   23872 |   42041 |  63.8 |      30 |      53 |  63.9
   Depths:1 |   43138 |   12176 |  22.0 |      61 |      18 |  22.8
   Depths:2 |   13999 |   12347 |  46.9 |      20 |      13 |  39.4
    Ossuary |       0 |     659 | 100.0 |       0 |      14 | 100.0
     Bailey |       0 |     768 | 100.0 |       0 |      34 | 100.0
      IceCv |       0 |   10212 | 100.0 |       0 |      59 | 100.0
            +---------+---------+-------+---------+---------+-------
